Selects Luftwaffe Battlegroup
Selects Luftwaffe Pioneer Support
Fallschirmpioneer Squad Paradrop
Construct Infanterie Kompanie
Construct Panzergrenadier Kompanie
Selects Flak 38 Anti-Air Emplacement
Selects LG40 Recoilless Gun Paradrop
Selects Stuka Strafing Run
Nebelwerfer 42 Rocket Launcher Team
LG40 Recoilless Gun Paradrop
Selects Fallschirmjäger Squad Paradrop
Fallschirmjäger Squad Paradrop
Construct Panzer Kompanie
Infanterie Officer Quarters
Selects Infantry Reserves
Selects Fragmentation Bombs
Nebelwerfer 42 Rocket Launcher Team
Pak 40 Anti-tank Gun Team